 Dungeon Crawl Stone Soup version 0.30-a0-1157-g2cc9ac7196 (webtiles) character file.

Game seed: 12624443901510742545

434 lunkers the Firebug (level 7, -1/50 HPs)
             Began as a Meteoran Fire Elementalist on Apr 24, 2023.
             Was an Initiate of Vehumet.
             Slain by a water moccasin zombie (5 damage)
             ... in an ossuary.
             The game lasted 00:06:57 (1878 turns).

lunkers the Firebug (Meteoran Fire Elementalist)    Turns: 1878, Time: 00:06:57

Health: -1/50      AC:  2    Str: 13    XL:     7   Next: 44%
Magic:  1/16       EV: 12    Int: 18    God:    Vehumet [......]
Gold:   163        SH:  0    Dex: 14    Spells: 9/16 levels left

rFire   . . .        p - +0 mace of Brawling {pain, Str+2}
rCold   . . .        (no shield)
rNeg    . . .        a - +0 robe
rPois   +            (no helmet)
rElec   .            (no cloak)
rCorr   .            (no gloves)
SInv    .            (no boots)
Will    .....        (no amulet)
Stlth   +            c - ring of poison resistance
HPRegen 0.28/turn    (no ring)
MPRegen 0.15/turn

%: no passive effects
@: glowing
A: sense surroundings 1, otherworldly, glowing, explore regen
a: Renounce Religion


You were in an ossuary.
You worshipped Vehumet.
Vehumet was noncommittal.
You visited 1 branch of the dungeon, and saw 4 of its levels.
You also visited: Ossuary.

You collected 163 gold pieces.

Inventory:

Hand Weapons
 p - the +0 mace of Brawling (weapon) {pain, Str+2}
   (You found it on level 4 of the Dungeon)

   Str:       It affects your strength (+2).
Armour
 a - a +0 robe (worn)
Jewellery
 c - a ring of poison resistance (left hand)
Wands
 q - a wand of flame (4)
Scrolls
 f - 7 scrolls of magic mapping {unknown}
 i - 2 scrolls of teleportation {unknown}
 k - 5 scrolls of identify {unknown}
 l - a scroll of blinking {unknown}
 m - a scroll of fog {unknown}
 o - a scroll of torment {unknown}
Potions
 b - a potion of magic
 d - 2 potions of attraction {unknown}
 e - a potion of heal wounds {unknown}
 g - a potion of mutation {unknown}
 h - a potion of degeneration {unknown}
 j - 2 potions of curing {unknown}
 n - 2 potions of flight {unknown}


   Skills:
 - Level 2.4 Dodging
 - Level 1.4 Stealth
 + Level 5.4 Spellcasting
 - Level 1.2 Conjurations
 * Level 7.8 Fire Magic


You had 9 spell levels left.
You knew the following spells:

 Your Spells              Type           Power      Damage    Failure   Level
a - Foxfire               Conj/Fire      84%        2x1d8     1%          1
b - Scorch                Fire           66%        2d8       1%          2
c - Flame Wave            Conj/Fire      21%        2d8       21%         4

Your spell library contained the following spells:

 Spells                   Type           Power      Damage    Failure   Level
 Inner Flame              Hex/Fire       19%        N/A       8%          3
 Volatile Blastmotes      Fire/Tloc      38%        2d13      8%          3
 Kiss of Death            Conj/Necr      28%        2d7       10%         1
 Confusing Touch          Hex            4%         N/A       36%         3
 Dispel Undead            Necr           4%         3d7       77%         4
 Yara's Violent Unravell  Hex/Tmut       2%         3d3       98%         5
 Enfeeble                 Hex            2%         N/A       100%        7
 Malign Gateway           Summ/Tloc      2%         N/A       100%        7
 Summon Horrible Things   Summ           2%         N/A       100%        8


Dungeon Overview and Level Annotations

Branches:
Dungeon (4/15) Zot: 678   Ossuary (1/1) Zot: 438
 Temple: D:4-7

Altars:
Vehumet
Yredelemnul

Annotations:
D:3 1 runed translucent door


Innate Abilities, Weirdness & Mutations

You passively map a small area around you.
You are easily found by Zot.
You glow in the dark.
You regain HP and MP as you explore.


Message History

The puff of flame hits the water moccasin zombie.
The water moccasin zombie is heavily damaged.
The foxfire hits the gnoll zombie.
The gnoll zombie is severely damaged.
The foxfire hits the gnoll zombie.
The gnoll zombie is severely damaged.
The foxfire hits the gnoll zombie.
The gnoll zombie is almost destroyed.
The water moccasin zombie bites you.
* * * LOW HITPOINT WARNING * * *
The gnoll zombie hits you but does no damage.
Unknown command.
Unknown command.
Unknown command.
Casting: Foxfire (safe; 1% risk of failure)
Press: ? - help, Q - select action, (/) - cycle Dir - look around, f - activate You conjure some foxfire!
* * * LOW MAGIC WARNING * * *
The water moccasin zombie closely misses you.
The gnoll zombie barely misses you.
Unknown command.
Aiming: Throw Flame
Press: ? - help, Shift-Dir - straight line, f - water moccasin zombie
Aim: a water moccasin zombie (heavily damaged, ally target, 68% to hit)
The puff of flame hits the water moccasin zombie!
The water moccasin zombie is severely damaged.
The foxfire hits the kobold zombie.
The kobold zombie is moderately damaged.
The foxfire hits the kobold zombie.
You destroy the kobold zombie!
Vehumet accepts your kill. The water moccasin zombie bites you.
* * * LOW HITPOINT WARNING * * *
Unknown command.
Casting: Foxfire (safe; 1% risk of failure)
Press: ? - help, Q - select action, (/) - cycle Dir - look around, f - activate You conjure some foxfire!
* * * LOW MAGIC WARNING * * *
The water moccasin zombie bites you.
You die...

#...#?!?!# #...#
'.∩.#?(??+ +...#
#...#!?!!# ,,#...#
##### ###* ...# #
..# # ###'# #
#..Z# # #.ZZ# #
#.v@# # #.v§# #
###'# # #...# #
#...# # #...# #
#...#
###############'##
#...'....'...'...#


You could see a water moccasin zombie, a gnoll zombie (ally target) and a kobold
zombie.

Vanquished Creatures
  A sky beast (D:3)
  3 water moccasin zombies (Ossuary)
  A human zombie (D:3)
  A hound (D:4)
  2 adders
  A shadow imp (D:4)
  4 adder zombies (Ossuary)
  3 worms
  2 orcs
  4 bats
  5 endoplasms
  3 giant cockroaches (D:1)
  3 goblins (D:2)
  5 hobgoblins
  4 jackals (D:1)
  6 kobolds
  2 quokkas (D:1)
  3 ball pythons
  3 frilled lizards
  A gnoll zombie (Ossuary)
  4 hobgoblin zombies (Ossuary)
  A jackal skeleton (D:3)
  5 kobold zombies (Ossuary)
  2 orc zombies (Ossuary)
  3 rats
72 creatures vanquished.

Vanquished Creatures (others)
  113 foxfires
113 creatures vanquished.

Grand Total: 185 creatures vanquished

Notes
Turn   | Place    | Note
-------+----------+-------------------------------------------
     0 | D:1      | lunkers the Meteoran Fire Elementalist began the quest for
                  | the Orb.
     0 | D:1      | Reached XP level 1. HP: 14/14 MP: 5/5
   114 | D:1      | Reached XP level 2. HP: 17/20 MP: 3/6
   132 | D:1      | Reached skill level 4 in Fire Magic
   202 | D:1      | Learned a level 2 spell: Scorch
   222 | D:1      | Reached XP level 3. HP: 19/26 MP: 1/8
   671 | D:2      | Reached XP level 4. HP: 33/33 MP: 1/10
   968 | D:3      | Reached skill level 5 in Fire Magic
  1032 | D:3      | Noticed a sky beast
  1038 | D:3      | Killed a sky beast
  1039 | D:3      | Reached skill level 6 in Fire Magic
  1039 | D:3      | Reached XP level 5. HP: 38/38 MP: 2/12
  1187 | D:3      | Reached XP level 6. HP: 37/45 MP: 3/13
  1187 | D:3      | Found a runed translucent door.
  1187 | D:3      | Noticed a human
  1192 | D:3      | Found a basalt altar of Yredelemnul.
  1419 | D:4      | Learned a level 4 spell: Flame Wave
  1604 | D:4      | Found a radiant altar of Vehumet.
  1611 | D:4      | Identified the +0 mace of Brawling {pain, Str+2}
  1624 | D:4      | Became a worshipper of Vehumet
  1703 | D:4      | Found a sand-covered staircase.
  1723 | Ossuary  | Entered an ossuary
  1781 | Ossuary  | Reached skill level 5 in Spellcasting
  1781 | Ossuary  | Reached skill level 7 in Fire Magic
  1781 | Ossuary  | Reached XP level 7. HP: 27/50 MP: 0/15
  1878 | Ossuary  | Slain by a water moccasin zombie

Illustrated notes

Levels and vault maps discovered:
D:1:      sevenhm_arrival_forest_fort_large_2, layout_basic, st_stairs_1
D:2:      layout_basic, nicolae_hexahallways
D:3:      layout_loops_cross, dk_yredelemnul_ordeal, grunt_ministairs_7
D:4:      layout_rooms, vehumet_altar_wand_db, nicolae_ossuary_entry_ruins,
          kennysheep_generic_room_13
Ossuary:  ossuary_tomb_2

Skill      XL: |  1  2  3  4  5  6 |
---------------+-------------------+-----
Fire Magic     | 4 6 7 |  7.8
Spellcasting   | 3 4 5 |  5.4
Dodging        | |  2.4
Stealth        | |  1.4
Conjurations   | |  1.2

Action                     |  1- 3 |  4- 6 |  7- 9 || total
---------------------------+-------+-------+-------++-------
  Melee: Unarmed           |     3 |     1 |       ||     4
         Mace              |       |     3 |    13 ||    16
   Cast: Foxfire           |    28 |    23 |    18 ||    69
         Scorch            |    18 |    35 |     3 ||    56
  Evoke: Wand              |       |       |     7 ||     7
 Armour: Robe              |    15 |    10 |    16 ||    41
  Dodge: Dodged            |    24 |    19 |    26 ||    69

Table legend: (Time is in decaauts)
 A = Elapsed time spent in this place.
 B = Non-inter-level travel time spent in this place.
 C = Inter-level travel time spent in this place.
 D = Time resting spent in this place.
 E = Time spent auto-exploring this place.
 F = Levels seen in this place.
 G = Mean time per level.
                   A        B        C        D        E       F      G
               +--------+--------+--------+--------+--------+-----+--------+
         Total |   1882 |   1767 |    115 |      0 |   1146 |   5 |  376.4 |
       Dungeon |   1721 |   1606 |    115 |      0 |   1124 |   4 |  430.2 |
       Ossuary |    160 |    160 |      0 |      0 |     22 |   1 |  160.0 |
               +--------+--------+--------+--------+--------+-----+--------+

Top non-repeatable levels by time:
     D:2: 524 daAuts
     D:1: 439 daAuts
     D:3: 435 daAuts
     D:4: 322 daAuts
 Ossuary: 160 daAuts
